 Dungeon Crawl Stone Soup version 0.30.0-29-ga12c61a403 (webtiles) character file.

Game seed: 6371558888723945639

112 qw the Chopper (level 4, 0/28 HPs)
             Began as a Gargoyle Fighter on June 5, 2023.
             Slain by a gnoll
             ... wielding a +0 flail
              (8 damage)
             ... on level 2 of the Dungeon.
             The game lasted 00:00:43 (1024 turns).

qw the Chopper (Gargoyle Fighter)                   Turns: 1024, Time: 00:00:44

Health: 0/28       AC: 10    Str: 22    XL:     4   Next: 95%
Magic:  4/4        EV: 14    Int:  8    God:
Gold:   48         SH:  4    Dex:  9    Spells: 3/3 levels left

rFire   . . .        Y - +0 war axe
rCold   . . .        c - +0 buckler
rNeg    + . .        b - +0 scale mail
rPois   inf          (no helmet)
rElec   +            (no cloak)
rCorr   .            (no gloves)
SInv    .            (no boots)
Will    .....        (no amulet) Stlth
                     i - +5 ring of evasion
HPRegen 0.24/turn    (no ring)
MPRegen 0.09/turn

%: no passive effects
@: no status effects
A: sickness immunity, AC +3, negative energy resistance 1, electricity
resistance, torment resistance 1, petrification resistance
a: no special abilities


You were on level 2 of the Dungeon.
You visited 1 branch of the dungeon, and saw 2 of its levels.

You collected 48 gold pieces.


Innate Abilities, Weirdness & Mutations

You are immune to sickness and miasma.
Your stone body is resilient. (AC +3)
You are immune to poison.
You resist negative energy. (rN+)
You are resistant to electric shocks. (rElec)
You are resistant to unholy torment.
You are immune to petrification.


   Skills:
 - Level 3.2 Fighting
 + Level 4.5 Axes
 - Level 3.2 Armour
 - Level 3.2 Shields


You had 3 spell levels left.
You didn't know any spells.
Your spell library was empty.

Inventory:

Hand Weapons
 m - a +0 mace
 Y - a +0 war axe (weapon)
Armour
 b - a +0 scale mail (worn)
 c - a +0 buckler (worn)
Jewellery
 i - a +5 ring of evasion (left hand)
Scrolls
 g - a scroll of identify
 h - a scroll of noise {unknown}
Potions
 a - a potion of resistance {unknown}
 d - a potion of might
 e - a potion of berserk rage {unknown}
 f - a potion of mutation {unknown}
 j - a potion of degeneration {unknown}

Dungeon Overview and Level Annotations

Branches:
Dungeon (2/15)

Altars:

Annotations:
D:2 Natasha


Message History

The gnoll hits you with a +0 spear.
You see here a +0 spear.
Enter note:
Enter note:
Enter note:
Enter note:
Enter note:
Enter note: You hit the gnoll.
The gnoll is moderately wounded.
The gnoll hits you with a +0 spear.
You slash the gnoll!
You kill the gnoll!
You closely miss the gnoll. The gnoll hits you but does no damage.
The gnoll hits you with a +0 club.
You hit the gnoll.
The gnoll is moderately wounded.
The gnoll misses you.
You slash the gnoll!
The gnoll is severely wounded.
The gnoll barely misses you.
You slash the gnoll!
You kill the gnoll!
The gnoll closely misses you.
You hit the gnoll.
The gnoll is moderately wounded.
The gnoll closely misses you.
You hit the gnoll but do no damage.
The gnoll is moderately wounded.
You block the gnoll's attack.
You hit the gnoll.
The gnoll is heavily wounded.
The gnoll misses you. The gnoll hits you with a +0 flail!
You closely miss the gnoll.
The gnoll is heavily wounded.
The gnoll hits you with a +0 flail.
You hit the gnoll but do no damage.
The gnoll is heavily wounded.
The gnoll hits you with a +0 flail!
You die...

#############
...##.......#######
##.##.#####.......#
##.##.#
#######.####
......# #.g@....#
##.#### #.##....#
...# # #..#.# ...#
##...# ##.# #..#
.#)# ..# .#.# .##
...# .###


You could see a gnoll.

Vanquished Creatures
  Natasha (D:2)
  3 gnolls (D:2)
  2 adders (D:2)
  2 endoplasms (D:2)
  2 giant cockroaches
  5 goblins
  4 hobgoblins (D:1)
  2 quokkas (D:1)
  3 ball pythons (D:1)
  4 bats (D:1)
  2 frilled lizards (D:1)
  6 kobolds
  5 rats
41 creatures vanquished.

Notes
Turn   | Place    | Note
-------+----------+-------------------------------------------
     0 | D:1      | qw the Gargoyle Fighter began the quest for the Orb.
     0 | D:1      | Reached XP level 1. HP: 14/14 MP: 1/1
     0 | D:1      | 0 ||| qw: Version: 0.2-a-108-gee2c290
     0 | D:1      | 0 ||| qw: Game counter: 1497
     0 | D:1      | 0 ||| qw: Always use a shield: true
     0 | D:1      | 0 ||| qw: God list: Okawaru
     0 | D:1      | 0 ||| qw: Allow faded altars: false
     0 | D:1      | 0 ||| qw: Do Orc after D:15 true
     0 | D:1      | 0 ||| qw: Do second Lair branch before Depths: true
     0 | D:1      | 0 ||| qw: Lair rune preference: random
     0 | D:1      | 0 ||| qw: Plans: Normal, Zot:1-4, Slime:5, God:TSO, Crypt,
                  | Tomb, Abyss, Pan, Hells, Win
     0 | D:1      | 0 ||| PLANNING D:1-11
    68 | D:1      | Reached skill level 2 in Axes
   107 | D:1      | 107 ||| Stepping ~*~*~tactically~*~*~ (hiding).
   117 | D:1      | Reached XP level 2. HP: 17/19 MP: 2/2
   155 | D:1      | You fall into a shaft and drop 1 floor!
   207 | D:2      | 207 ||| DROPPING +0 club.
   230 | D:2      | 230 ||| UPGRADING to +5 ring of evasion.
   231 | D:2      | 231 ||| READING scroll labelled HAJEKU DON TICK.
   232 | D:2      | 232 ||| READING scroll labelled QIUNEHO JUMOINIMEO.
   243 | D:2      | 243 ||| READING scroll labelled VACOESS WOUWK.
   274 | D:2      | Noticed Natasha
   279 | D:2      | Killed Natasha
   280 | D:2      | Reached skill level 3 in Axes
   280 | D:2      | Reached XP level 3. HP: 21/23 MP: 3/3
   395 | D:1      | 395 ||| Stepping ~*~*~tactically~*~*~ (stealth).
   432 | D:1      | 432 ||| Stepping ~*~*~tactically~*~*~ (stealth).
   437 | D:1      | 437 ||| Stepping ~*~*~tactically~*~*~ (stealth).
   646 | D:1      | 646 ||| Stepping ~*~*~tactically~*~*~ (stealth).
   648 | D:1      | 648 ||| Stepping ~*~*~tactically~*~*~ (stealth).
   739 | D:1      | Reached XP level 4. HP: 28/28 MP: 4/4
   748 | D:1      | 748 ||| READING scroll labelled FEOHAU YSAIKK.
   749 | D:1      | 749 ||| READING scroll labelled GABBABI OTOHIT.
   873 | D:2      | 873 ||| Stepping ~*~*~tactically~*~*~ (hiding).
   879 | D:2      | Reached skill level 4 in Axes
   909 | D:2      | Noticed Natasha
   910 | D:2      | 910 ||| Stepping ~*~*~tactically~*~*~ (stealth).
  1024 | D:2      | Slain by a gnoll

Levels and vault maps discovered:
D:1:      ncdulo_watergridlock, layout_rooms, st_stairs_9
D:2:      layout_loops_cross, serial_shops, nicolae_shop_stone,
          kennysheep_jessica_study, uniq_natasha

Skill      XL: |  1  2  3  4 |
---------------+-------------+-----
Axes           | 2 3 4 |  4.5
Fighting       | |  3.2
Armour         | |  3.2
Shields        | |  3.2

Action                     |  1- 3 |  4- 6 || total
---------------------------+-------+-------++-------
  Melee: War axe           |    74 |    41 ||   115
    Use: Scroll            |     3 |     2 ||     5
 Armour: Scale mail        |    22 |    13 ||    35
  Dodge: Dodged            |    38 |    29 ||    67
  Block: Buckler           |    15 |     9 ||    24

Table legend:
 A = Non-vault XP
 B = Vault XP
 C = Vault XP percentage of total XP
 D = Non-vault monster count
 E = Vault monster count
 F = Vault count percentage of total count
                 A         B        C        D         E       F
            +---------+---------+-------+---------+---------+-------
      Total |     121 |      40 |  24.8 |      38 |       3 |   7.3
            +---------+---------+-------+---------+---------+-------
        D:1 |      38 |       4 |   9.5 |      26 |       2 |   7.1
        D:2 |      83 |      36 |  30.3 |      12 |       1 |   7.7
            +---------+---------+-------+---------+---------+-------
